 Dungeon Crawl Stone Soup version 0.31.0-11-ge490571c62 (webtiles) character file.

Game seed: 16206003791260441636

175622 TheBioAlchemist the Marksminotaur (level 17, -3/189 HPs)
             Began as a Minotaur Hunter on Feb 11, 2024.
             Was a Plaything of Xom.
             Slain by a +7 flail of protection (13 damage)
             ... on level 3 of the Elven Halls.
             The game lasted 01:11:29 (29000 turns).

TheBioAlchemist the Marksminotaur (MiHu)           Turns: 29000, Time: 01:11:30

Health: -3/189     AC: 19    Str: 13    XL:     17   Next: 48%
Magic:  14/14      EV: 29    Int: 20    God:    Xom [*.....]
Gold:   1337       SH:  5    Dex: 39    Spells: 16/16 levels left

rFire   + + +        v - +6 short sword of Disgust {speed, Int+3 Dex+8}
rCold   + + .        (no shield)
rNeg    + + .        a - +3 ring mail {rF+}
rPois   +            (helmet restricted)
rElec   +            T - scarf {rC+ rF+}
rCorr   +            U - +2 pair of gloves of the Eternal Fruit {Int+5}
SInv    +            L - +1 pair of boots of Zialad {-Cast rElec rN++ rCorr}
Will    ++++.        O - amulet "Xeoblokh" {Reflect +Inv Dex+4 SH+5}
Stlth   ++           p - ring of see invisible
HPRegen 1.31/turn    W - ring "Owiet" {Will+++ Str-2 Int+2 Dex+6}
MPRegen 0.14/turn

%: no spellcasting, reflection, clarity
@: mighty, resistant, fugue, spiked, unable to read
A: horns 2, retaliatory headbutt, hooves 1, clarity, clever 1, low MP 1, poison
resistance, regeneration 1, robust 2, screaming 1, shaggy fur 1, wild magic 1,
inability to read after injury 1, MP-powered wands
a: Renounce Religion, Evoke Invisibility


You were on level 3 of the Elven Halls.
You worshipped Xom.
You were a special plaything of Xom.
You visited 4 branches of the dungeon, and saw 25 of its levels.
You visited 1 bazaar.
You also visited: Trove, Sewer, Bailey and Volcano.

You collected 3025 gold pieces.
You spent 1688 gold pieces at shops.

Inventory:

Hand Weapons
 v - the +6 short sword of Disgust (weapon) {speed, Int+3 Dex+8}
   (You found it on level 4 of the Dungeon)

   Int+3:     It affects your intelligence (+3).
   Dex+8:     It affects your dexterity (+8).
 z - a +2 antimagic long sword
 P - a +4 scimitar of flaming
 Y - a +0 arbalest
Armour
 a - a +3 ring mail of fire resistance (worn)
 l - a +2 cloak of preservation
 x - a scarf of repulsion
 L - the +1 pair of boots of Zialad (worn) {-Cast rElec rN++ rCorr}
   (You acquired it on level 2 of the Dungeon)

   rElec:     It insulates you from electricity.
   rN++:      It greatly protects you from negative energy.
   -Cast:     It prevents spellcasting.
   rCorr:     It protects you from acid and corrosion.
 T - a scarf of resistance (worn)
 U - the +2 pair of gloves of the Eternal Fruit (worn) {Int+5}
   (You found it on level 15 of the Dungeon)

   Int+5:     It affects your intelligence (+5).
Jewellery
 e - a ring of flight
 p - a ring of see invisible (left hand)
 B - a ring of protection from cold
 E - a ring of protection from fire
 M - the ring of the Red Skies {rC+ Int+6 Stlth+}
   (You found it in a treasure trove)

   [ring of protection from cold]

   Int+6:     It affects your intelligence (+6).
   rC+:       It protects you from cold.
   Stlth+:    It makes you more stealthy.
 O - the amulet "Xeoblokh" (around neck) {Reflect +Inv Dex+4 SH+5}
   (You found it in a treasure trove)

   [amulet of reflection]

   Reflect:   It reflects blocked missile attacks.
   Dex+4:     It affects your dexterity (+4).
   +Inv:      It lets you turn invisible.
   SH+5:      It affects your SH (+5).
 R - the ring "Xumporat" {*Corrode rPois rN+ Dex+6 Slay+4}
   (You found it in a treasure trove)

   [ring of slaying]

   Dex+6:     It affects your dexterity (+6).
   Slay+4:    It affects your accuracy & damage with ranged weapons and melee
   (+4).
   rPois:     It protects you from poison rN+: It protects you from negative
   energy.
   *Corrode:  It may corrode you when you take damage.
 V - the ring "Ojitt" {rN+ Will+ Str+3}
   (You found it in a treasure trove)

   [ring of willpower]

   Str+3:     It affects your strength (+3).
   rN+:       It protects you from negative energy.
   Will+:     It increases your willpower.
 W - the ring "Owiet" (right hand) {Will+++ Str-2 Int+2 Dex+6}
   (You found it in a treasure trove)

   [ring of dexterity]

   Str-2:     It affects your strength (-2).
   Int+2:     It affects your intelligence (+2).
   Dex+6:     It affects your dexterity (+6).
   Will+++:   It greatly increases your willpower.
 X - the ring of Qifyef {rElec rN++ EV+5 Int-3 Dex+3}
   (You found it in a treasure trove)

   [ring of evasion]

   EV+5:      It affects your evasion (+5).
   Int-3:     It affects your intelligence (-3).
   Dex+3:     It affects your dexterity (+3).
   rElec:     It insulates you from electricity.
   rN++:      It greatly protects you from negative energy.
 Z - the ring "Joajush" {rPois rCorr Int+3 Dex+6}
   (You found it in a treasure trove)

   [ring of dexterity]

   Int+3:     It affects your intelligence (+3).
   Dex+6:     It affects your dexterity (+6).
   rPois:     It protects you from poison rCorr: It protects you from acid and
   corrosion.
Wands
 s - a wand of digging (10)
 A - a wand of polymorph (15)
 C - a wand of flame (29)
 G - a wand of acid (25)
 N - a wand of roots (14)
 S - a wand of paralysis (19)
Scrolls
 b - 2 scrolls of butterflies
 c - 3 scrolls of identify
 d - 4 scrolls of brand weapon
 i - 2 scrolls of poison
 j - 3 scrolls of blinking
 q - 2 scrolls of revelation
 u - 2 scrolls of teleportation
 y - 3 scrolls of fear
 H - a scroll of vulnerability
 J - 9 scrolls of immolation
 K - 4 scrolls of fog
 Q - 7 scrolls of enchant weapon
Potions
 f - a potion of might
 h - 5 potions of brilliance
 m - 6 potions of enlightenment
 t - 4 potions of mutation
 w - 9 potions of cancellation
 D - 2 potions of attraction
 F - a potion of resistance
 I - 3 potions of berserk rage
Miscellaneous
 g - a lightning rod (inert)
 k - a phantom mirror (inert)
 r - a sack of spiders (inert)


   Skills:
 + Level 16.0 Fighting
 - Level 14.0 Long Blades
 * Level 20.6 Ranged Weapons
 + Level 18.3 Armour
 + Level 14.4 Dodging
 - Level 0.7 Stealth
 * Level 7.2 Evocations


You had 16 spell levels left.
You didn't know any spells.
Your spell library contained the following spells:

 Spells                   Type           Power      Damage    Failure   Level
 Freeze                   Ice            0%         1d3       38%         1
 Shock                    Conj/Air       0%         1d3       38%         1
 Sting                    Conj/Alch      0%         1d3       38%         1
 Summon Small Mammal      Summ           0%         N/A       38%         1
 Cigotuvi's Dreadful Rot  Necr/Alch/Air  0%         N/A       50%         2
 Mercury Vapours          Alch/Air       0%         N/A       50%         2
 Sublimation of Blood     Necr           0%         N/A       50%         2
 Call Canine Familiar     Summ           0%         N/A       73%         3
 Frozen Ramparts          Ice            0%         1d1       73%         3
 Hailstorm                Conj/Ice       0%         3d5       73%         3
 Ozocubu's Armour         Ice            0%         N/A       73%         3
 Summon Ice Beast         Ice/Summ       0%         N/A       73%         3
 Swiftness                Air            0%         N/A       73%         3
 Airstrike                Air            0%         2d(0-16)  98%         4
 Cause Fear               Hex            0%         N/A       98%         4
 Dispel Undead            Necr           0%         3d6       98%         4
 Manifold Assault         Tloc           0%         N/A       98%         4
 Martyr's Knell           Necr/Summ      0%         N/A       98%         4
 Olgreb's Toxic Radiance  Alch           0%         N/A       98%         4
 Petrify                  Alch/Erth      0%         N/A       98%         4
 Summon Blazeheart Golem  Fire/Summ      0%         N/A       98%         4
 Vhi's Electric Charge    Tloc/Air       0%         N/A       98%         4
 Arcjolt                  Conj/Air       0%         1d10      100%        5
 Fireball                 Conj/Fire      0%         3d3       100%        5
 Irradiate                Conj/Alch      0%         3d11      100%        5
 Metabolic Englaciation   Hex/Ice        0%         N/A       100%        5
 Summon Mana Viper        Hex/Summ       0%         N/A       100%        5
 Death Channel            Necr           0%         N/A       100%        6
 Dispersal                Tloc           0%         N/A       100%        6
 Plasma Beam              Fire/Air       0%         2x1d10    100%        6
 Sculpt Simulacrum        Ice/Alch       0%         N/A       100%        6
 Monstrous Menagerie      Summ           0%         N/A       100%        7
 Disjunction              Tloc           0%         N/A       100%        8
 Maxwell's Capacitive Co  Air            0%         ∞         100%        8
 Death's Door             Necr           0%         N/A       100%        9
 Dragon's Call            Summ           0%         N/A       100%        9


Dungeon Overview and Level Annotations

Branches:
Dungeon (15/15)            Temple (0/1) D:7            Lair (5/5) D:10
  Swamp (0/4) Lair:2        Snake (0/4) Lair:3        Slime (0/5) Lair:5
    Orc (2/2) D:9             Elf (3/3) Orc:2        Vaults (0/5) D:14
 Depths (0/4) D:15          Sewer (visited)          Bailey (visited)
Volcano (visited)

Altars:
Hepliaklqana
Kikubaaqudgha
Nemelex Xobeh
Vehumet
Xom

Shops:
D:2 *   D:5 =   D:14 [   Orc:2 ([*=   Elf:1 [[[([

Annotations:
D:5 1 runed translucent door, hawla's ghost, novice MiFi
D:11 2 transporters
D:15 2 transporters, knightboat's ghost, journeyman HOFi


Innate Abilities, Weirdness & Mutations

You have a pair of horns on your head.
You reflexively headbutt those who attack you in melee.
You have large cloven feet.
You possess an exceptional clarity of mind.
Your mind is acute. (Int +4, Str/Dex -1)
Your magical capacity is low. (-10% MP)
Your system is resistant to poisons. (rPois)
Your natural rate of healing is unusually fast.
You are very robust. (+20% HP)
You occasionally shout uncontrollably at your foes.
You are covered in fur. (AC +1)
Your spells are a little harder to cast, but a little more powerful.
You occasionally lose the ability to read scrolls when taking damage.
You expend magic power (3 MP) to strengthen your wands.


Message History

The deep elf zephyrmancer's corpse degenerates into a cloud of primal chaos!
The deep elf annihilator casts a spell.
The deep elf annihilator blinks!
The deep elf death mage is empowered by the deep elf high priest's aura!
The hellwing swoops through the air toward you!
The hellwing closely misses you. The hellwing barely misses you.
Unknown command.
You puncture the hellwing!
You headbutt the hellwing, but do no damage.
The hellwing is moderately wounded.
The +7 flail of protection barely misses you.
Unknown command.
You hit the hellwing.
You headbutt the hellwing, but do no damage.
The hellwing is moderately wounded.
The +7 flail of protection hits you but does no damage.
The deep elf demonologist gestures wildly while chanting.
Unknown command.
You puncture the hellwing!
You headbutt the hellwing, but do no damage.
The hellwing is severely wounded.
The wailing of tortured souls fills the air!
You hear a shout!
The sun demon disappears in a puff of smoke!
A deep elf blademaster comes into view.
It is wielding two +0 short swords and wearing the +5 chain mail of the Seven Ziggurats {rN+ Dex+2 SInv}.
You block the hellwing's attack. The hellwing completely misses you.
You hit the hellwing.
You headbutt the hellwing, but do no damage.
The hellwing is severely wounded.
The deep elf pyromancer disappears in a puff of smoke!
The fire elemental disappears in a puff of smoke! x2
The +7 flail of protection completely misses you.
You furiously retaliate!
You headbutt the +7 flail of protection!
You feel very mighty all of a sudden.
The wailing of tortured souls fills the air!
The Executioner gestures.
The Executioner seems to speed up.
The +7 flail of protection hits you!
You die...
Xom guffaws!

.'.....#...○.○...#.......#...
#.....'..°e○....#.......#...
###########E################
#e# #§# #§# #e# #4# #@# #(#


(ee **1ee .*24eee ....4e1.4 e....4....* ......#...... You could see 2 deep elf
blademasters, 2 deep elf death magi, a deep elf master archer, 2 Executioners, a
deep elf elementalist (fast, empowered, repels missiles), 2 deep elf
demonologists, a deep elf high priest, 2 hellwings, a rust devil (summoned), a
deep elf zephyrmancer (summoned), a hellion (summoned), a red devil (summoned,
fast), a chaos spawn (summoned), 4 lost souls and 2 dancing weapons.

Vanquished Creatures
  3 deep elf blademasters
  3 deep elf master archers (Elf:3)
  2 orc warlords (Orc:2)
  An ironbound preserver (D:14)
  A very ugly thing (D:15)
  4 deep elf death magi
  A minotaur (D:15)
  A deep elf annihilator (Elf:3)
  2 ettins
  A fire dragon (Elf:1)
  Josephine (Orc:2)
  A rakshasa (D:15)
  4 hydras
  2 ogre magi
  Erica (D:9)
  A death knight (D:14)
  3 boulder beetles
  3 centaur warriors
  An ice dragon (Lair:5)
  An alligator (Elf:2)
  25 dancing weapons
  11 two-headed ogres
  4 death yaks (Lair:4)
  2 orc high priests (Orc:2)
  A tengu warrior (D:14)
  Nergalle (D:11)
  A fire crab (Lair:5)
  21 deep elf knights
  A skyshark (Lair:5)
  Amaemon (D:9)
  An iron troll (Lair:5)
  3 skeletal warriors (D:15)
  10 orc knights
  9 deep elf archers
  21 deep elf pyromancers
  22 deep elf zephyrmancers
  4 orc sorcerers
  12 ugly things
  An oklob plant (Lair:3)
  A wolf spider (Lair:5)
  A manticore (D:13)
  A shining eye (shapeshifter) (D:15)
  7 cyclopes
  2 cyclopes (shapeshifter)
  Maurice (D:9)
  A meliai (D:14)
  A guardian serpent (Lair:5)
  7 kobold blastminers (Orc:2)
  12 elephants
  Joseph (D:7)
  10 black mambas
  A black mamba (shapeshifter) (D:14)
  A molten gargoyle (Volcano)
  5 torpor snails (Lair:5)
  2 rime drakes
  An orange demon (D:9)
  2 gargoyles (D:12)
  An efreet (D:15)
  13 cane toads
  Jeremiah (D:8)
  10 komodo dragons
  A freezing wraith (D:14)
  Psyche (D:8)
  2 red devils (Volcano)
  6 trolls
  A polar bear (Lair:5)
  5 tyrant leeches
  15 blink frogs
  9 hornets (Lair:5)
  A raiju (D:14)
  6 dream sheep (Lair:5)
  4 air elementals
  A culicivora (Lair:5)
  4 spriggans (Bailey)
  10 slime creatures
  2 shadows
  14 wyverns
  53 yaks
  2 fire bats (Volcano)
  7 wraiths
  3 fire elementals
  A water elemental (Elf:2)
  A hog (shapeshifter) (D:14)
  A yak (shapeshifter) (D:15)
  6 basilisks
  6 wargs
  6 steam dragons
  A redback (Lair:5)
  Grum (D:9)
  2 swamp worms (Lair:2)
  Menkaure (D:6)
  6 vampire mosquitoes
  27 water moccasins
  2 acid dragons
  33 orc warriors
  6 boggarts (D:14)
  2 black bears
  16 ogres
  15 wolves
  9 centaurs
  2 phantoms (D:6)
  10 bullfrogs
  3 kobold brigands
  A scorpion (D:7)
  2 earth elementals (Elf:2)
  3 gnoll sergeants
  11 wights
  A killer bee (D:10)
  5 howler monkeys
  8 electric eels
  5 lava snakes (Volcano)
  A quasit (D:8)
  19 orc priests
  4 gnoll boudas
  4 hounds
  2 iguanas
  24 orc wizards
  5 hell rats (Lair:4)
  Robin (D:3)
  25 gnolls
  13 adders
  A river rat (Sewer)
  2 shadow imps
  2 ufetubi (D:7)
  5 dart slugs
  3 ribbon worms
  96 orcs
  15 bats
  7 endoplasms
  7 giant cockroaches
  22 goblins
  8 hobgoblins
  11 jackals
  8 quokkas
  10 ball pythons
  3 frilled lizards
  25 kobolds
  5 rats
938 creatures vanquished.

Vanquished Creatures (collateral kills)
  A hydra (D:15)
  2 deep elf knights (Elf:2)
  A deep elf archer (Elf:1)
  3 deep elf pyromancers
  3 deep elf zephyrmancers
  An ugly thing (Volcano)
  5 elephants
  A molten gargoyle (Volcano)
  A smoke demon (Volcano)
  A shadow (D:9)
  A yak (D:8)
  A vampire mosquito (D:12)
  A water moccasin (Lair:5)
  A gnoll (D:12)
  3 orcs
26 creatures vanquished.

Vanquished Creatures (others)
  2 dancing weapons
  A deep elf knight (Elf:2)
  2 deep elf pyromancers
  2 deep elf zephyrmancers
  An elephant (Lair:5)
  3 slime creatures (D:14)
  A black bear (D:10)
  A wolf (D:9)
  An orc wizard (D:5)
  An orc (D:15)
15 creatures vanquished.

Grand Total: 979 creatures vanquished

Notes
Turn   | Place    | Note
-------+----------+-------------------------------------------
     0 | D:1      | TheBioAlchemist the Minotaur Hunter began the quest for the
                  | Orb.
     0 | D:1      | Reached XP level 1. HP: 18/18 MP: 0/0
   207 | D:1      | Reached XP level 2. HP: 25/25 MP: 1/1
   334 | D:1      | Reached skill level 1 in Armour
   649 | D:1      | Reached XP level 3. HP: 30/30 MP: 2/2
  1032 | D:2      | Reached skill level 5 in Ranged Weapons
  1359 | D:2      | Found Xodedd's General Store.
  1481 | D:2      | Found a faded altar of an unknown god.
  1511 | D:2      | Prayed at the altar of an unknown god.
  1511 | D:2      | Became a worshipper of Xom of Chaos
  1570 | D:2      | Reached XP level 4. HP: 38/38 MP: 3/3
  1592 | D:2      | Found the +4 robe of Augmentation {Str+4 Int+4 Dex+4}
  1739 | D:2      | XOM: silly message
  1804 | D:2      | XOM: silly message
  1981 | D:3      | Found a glowing drain.
  2004 | Sewer    | Entered a sewer
  2216 | Sewer    | Reached XP level 5. HP: 45/45 MP: 4/4
  2218 | Sewer    | XOM: silly message
  2308 | Sewer    | XOM: noise
  2756 | D:3      | Noticed Robin
  2762 | D:3      | Killed Robin
  2921 | D:3      | Reached skill level 6 in Ranged Weapons
  2952 | D:3      | XOM: silly message
  3719 | D:4      | Identified the +6 short sword of Disgust {speed, Int+3
                  | Dex+8}
  3725 | D:4      | Reached XP level 6. HP: 52/52 MP: 5/5
  3995 | D:5      | Entered Level 5 of the Dungeon
  4397 | D:5      | XOM: enchant monster (good)
  4402 | D:5      | Noticed a steam dragon
  4406 | D:5      | Found a runed translucent door.
  4410 | D:5      | a steam dragon changed into a goblin
  4410 | D:5      | XOM: polymorph steam dragon -> goblin
  4630 | D:5      | XOM: give mutations
  4630 | D:5      | Gained mutation: Your spells are a little harder to cast,
                  | but a little more powerful. [Xom's grace]
  4630 | D:5      | Gained mutation: You are agile. (Dex +4, Str/Int -1) [Xom's
                  | grace]
  4630 | D:5      | Gained mutation: You are partially covered in iridescent
                  | scales. (AC +2) [Xom's grace]
  4747 | D:5      | XOM: give mutations
  4747 | D:5      | Gained mutation: Your natural rate of healing is unusually
                  | fast. [Xom's grace]
  4747 | D:5      | Gained mutation: You are covered in fur. (AC +1) [Xom's
                  | grace]
  4747 | D:5      | Gained mutation: You have large cloven feet. [Xom's grace]
  4790 | D:5      | XOM: scenery: create altars
  4835 | D:5      | Reached XP level 7. HP: 36/60 MP: 6/6
  4912 | D:5      | Noticed hawla's ghost (novice MiFi)
  4962 | D:5      | Found Ussison's Jewellery Boutique.
  5116 | D:5      | XOM: noise
  5124 | D:5      | XOM: scenery: create altars
  5232 | D:6      | Reached skill level 7 in Ranged Weapons
  5235 | D:6      | Noticed a steam dragon
  5241 | D:6      | XOM: confuse monster(s)
  5244 | D:6      | Killed a steam dragon
  5245 | D:6      | Reached skill level 5 in Fighting
  5303 | D:6      | Noticed a steam dragon
  5304 | D:6      | Reached XP level 8. HP: 69/69 MP: 7/7
  5308 | D:6      | Reached skill level 8 in Ranged Weapons
  5308 | D:6      | Reached skill level 5 in Dodging
  5309 | D:6      | XOM: noise
  5314 | D:6      | Reached skill level 5 in Armour
  5345 | D:6      | Noticed Menkaure
  5354 | D:6      | Killed Menkaure
  5475 | D:6      | XOM: potion effect (brilliance)
  5483 | D:6      | Reached skill level 9 in Ranged Weapons
  5508 | D:6      | XOM: divination: detect creatures
  5554 | D:6      | XOM: 1-stop teleportation journey
  5757 | D:6      | Identified the +0 leather armour of the Lost Beasts {Harm
                  | Str+2}
  5781 | D:6      | Found an ancient bone altar of Kikubaaqudgha.
  5821 | D:6      | XOM: torment (37/71 hp)
  6005 | D:7      | Reached XP level 9. HP: 78/78 MP: 8/8
  6054 | D:7      | XOM: polymorph kobold -> warg
  6055 | D:7      | Noticed Joseph
  6055 | D:7      | XOM: 1-stop teleportation journey
  6069 | D:7      | Killed Joseph
  6120 | D:7      | Reached skill level 10 in Ranged Weapons
  6190 | D:7      | Reached skill level 1 in Long Blades
  6191 | D:7      | XOM: chaos cloud
  6211 | D:7      | HP: 3/79 [warg (5)]
  6308 | D:7      | Found a staircase to the Ecumenical Temple.
  6625 | D:8      | Noticed Jeremiah
  6660 | D:8      | XOM: summons 2 friendly demons
  6680 | D:8      | Killed Jeremiah
  6884 | D:8      | Found a hazy altar of Hepliaklqana.
  6884 | D:8      | Found a radiant altar of Vehumet.
  7042 | D:8      | Noticed Psyche
  7055 | D:8      | Reached XP level 10. HP: 88/88 MP: 9/9
  7063 | D:8      | Killed Psyche
  7067 | D:8      | Reached skill level 11 in Ranged Weapons
  7070 | D:8      | XOM: silly message
  7132 | D:8      | XOM: enchant monster (good)
  7133 | D:8      | XOM: noise
  7141 | D:8      | XOM: confuse monster(s)
  7150 | D:8      | XOM: polymorph shadow imp -> quasit
  7154 | D:8      | XOM: fake destruction
  7165 | D:8      | XOM: scenery: summon butterflies
  7171 | D:8      | XOM: enchant monster (good)
  7530 | D:9      | XOM: confuse monster(s)
  7537 | D:9      | XOM: polymorph yak -> water moccasin
  7549 | D:9      | Reached skill level 5 in Long Blades
  7565 | D:9      | Reached skill level 12 in Ranged Weapons
  7605 | D:9      | XOM: potion effect (brilliance)
  7632 | D:9      | Found a staircase to the Orcish Mines.
  7633 | D:9      | XOM: potion effect (haste)
  7643 | D:9      | XOM: potion effect (brilliance)
  7658 | D:9      | Noticed Grum
  7659 | D:9      | XOM: cleaving
  7676 | D:9      | XOM: enchant monster (good)
  7686 | D:9      | Reached XP level 11. HP: 26/97 MP: 10/10
  7770 | D:9      | Killed Grum
  7913 | D:9      | Noticed Amaemon
  7916 | D:9      | XOM: enchant monster (good)
  7918 | D:9      | XOM: scenery: summon butterflies
  7928 | D:9      | XOM: enchant monster (good)
  7932 | D:9      | XOM: divination: detect creatures
  7942 | D:9      | Killed Amaemon
  7986 | D:9      | XOM: god gift: throwing net
  8022 | D:9      | Noticed Erica
  8024 | D:9      | XOM: destruction
  8032 | D:9      | Noticed Maurice
  8036 | D:9      | Killed Erica
  8048 | D:9      | Killed Maurice
  8107 | D:9      | XOM: cloud trail
  8425 | D:10     | Entered Level 10 of the Dungeon
  8445 | D:10     | XOM: scenery: summon butterflies
  8495 | D:10     | Reached skill level 13 in Ranged Weapons
  8607 | D:10     | Found a flagged portal.
  8622 | D:10     | Got Hugoud's Omnibus of the Lungs and Iniquitous Words
  8630 | Bailey   | Entered a bailey
  8668 | Bailey   | XOM: confuse monster(s)
  8694 | Bailey   | Reached skill level 10 in Fighting
  8733 | Bailey   | XOM: divination: detect items
  8752 | Bailey   | Noticed a two-headed ogre
  8754 | Bailey   | XOM: noise
  8768 | Bailey   | Killed a two-headed ogre
  8929 | D:10     | XOM: give mutations
  8929 | D:10     | Gained mutation: You have hidden genetic defects. [Xom's
                  | mischief]
  8929 | D:10     | Lost mutation: You are partially covered in iridescent
                  | scales. (AC +2) [Xom's mischief]
  8937 | D:10     | XOM: enchant monster (bad)
  8944 | D:10     | XOM: swap monsters
  9098 | D:10     | XOM: confusion (+ monsters)
  9102 | D:10     | XOM: chaos cloud
  9143 | D:10     | Found a staircase to the Lair.
  9144 | D:10     | XOM: polymorph water moccasin -> hound
  9148 | D:10     | XOM: torment (49/101 hp)
  9169 | D:10     | XOM: swap monsters
  9170 | D:10     | XOM: summons friendly white imp
  9179 | D:10     | XOM: chaos cloud
  9188 | D:10     | Reached XP level 12. HP: 65/107 MP: 11/11
  9205 | D:10     | Gained mutation: Your magical capacity is low. (-10% MP)
                  | [hidden defects]
  9292 | D:10     | Reached skill level 10 in Armour
  9420 | D:10     | XOM: torment (55/107 hp)
  9436 | D:10     | XOM: give mutation
  9436 | D:10     | Gained mutation: You have hoof-like feet. [Xom's grace]
  9827 | D:10     | Found a portal to a secret trove of treasure.
  9850 | Trove    | Entered a treasure trove
  9856 | Trove    | Identified the ring of Zownior {+Blink rPois}
  9858 | Trove    | Identified the ring of the Doomed God {Ice Stlth+}
  9863 | Trove    | Identified the amulet "Xeoblokh" {Reflect +Inv Dex+4 SH+5}
  9865 | Trove    | Identified the ring "Ulemeriu" {Int+6 Dex+4}
  9868 | Trove    | Identified the ring "Xumporat" {*Corrode rPois rN+ Dex+6
                  | Slay+4}
  9873 | Trove    | Identified the ring "Ojitt" {rN+ Will+ Str+3}
  9875 | Trove    | Identified the ring "Owiet" {Will+++ Str-2 Int+2 Dex+6}
  9877 | Trove    | Identified the ring of Qifyef {rElec rN++ EV+5 Int-3 Dex+3}
  9880 | Trove    | Identified the amulet "Urealaqaex" {Reflect *Slow Str+2
                  | Dex+5 SH+5}
  9882 | Trove    | Identified the ring "Joajush" {rPois rCorr Int+3 Dex+6}
  9885 | Trove    | Identified the ring of the Red Skies {rC+ Int+6 Stlth+}
  9986 | D:11     | Found a transporter.
  9988 | D:11     | Found a transporter.
  9989 | D:11     | Noticed a boulder beetle
  9989 | D:11     | Noticed a boulder beetle
  9989 | D:11     | Noticed a boulder beetle
  9990 | D:11     | Noticed Nergalle
 10014 | D:11     | XOM: summons 1 hostile demon
 10018 | D:11     | Killed Nergalle
 10050 | D:11     | XOM: blink monster(s)
 10098 | D:11     | Noticed a two-headed ogre
 10099 | D:11     | a two-headed ogre changed into a tyrant leech
 10099 | D:11     | XOM: polymorph two-headed ogre -> tyrant leech
 10109 | D:11     | XOM: cast spell 'Dispersal'
 10397 | D:11     | XOM: 6-stop teleportation journey
 10466 | D:11     | Noticed a boulder beetle
 10487 | D:11     | XOM: scenery: 3 doors open
 10494 | D:11     | Killed a boulder beetle
 10495 | D:11     | Reached skill level 14 in Ranged Weapons
 10872 | D:11     | XOM: torment (55/108 hp)
 10978 | D:12     | Noticed a two-headed ogre
 10983 | D:12     | Noticed a boulder beetle
 10987 | D:12     | XOM: enchant monster (bad)
 10988 | D:12     | Killed a two-headed ogre
 10995 | D:12     | XOM: blink monster(s)
 10996 | D:12     | Gained mutation: You occasionally shout uncontrollably at
                  | your foes. [hidden defects]
 10996 | D:12     | Lost mutation: You have hidden genetic defects. [hidden
                  | defects expressed]
 11011 | D:12     | Killed a boulder beetle
 11268 | D:12     | Noticed a two-headed ogre
 11284 | D:12     | Killed a two-headed ogre
 11323 | D:12     | XOM: god gift: robe {god gift}
 11328 | D:12     | Reached skill level 10 in Dodging
 11350 | D:12     | XOM: 3-stop teleportation journey
 11459 | D:12     | Found a gateway to a bazaar.
 11862 | D:12     | XOM: silly message
 11936 | Bazaar   | Entered a bazaar
 11949 | Bazaar   | Found Loylo's Book Shoppe.
 11949 | Bazaar   | Found Esihos's Armour Emporium.
 11971 | Bazaar   | Found Owini's Antique Weapon Shoppe.
 12012 | Bazaar   | XOM: 1-stop teleportation journey
 12431 | D:2      | Bought a scroll of acquirement for 728 gold pieces
 12436 | D:2      | Acquired the +1 pair of boots of Zialad {-Cast rElec rN++
                  | rCorr}
 12449 | D:2      | Acquired a manual of Armour
 12534 | D:4      | XOM: give mutations
 12534 | D:4      | Gained mutation: You are robust. (+10% HP) [Xom's grace]
 12534 | D:4      | Gained mutation: Your mind is acute. (Int +4, Str/Dex -1)
                  | [Xom's grace]
 12736 | D:13     | XOM: fog
 12744 | D:13     | XOM: destruction
 12816 | D:13     | XOM: scenery: 2 doors close
 12923 | D:13     | Noticed a centaur warrior
 12935 | D:13     | Killed a centaur warrior
 12942 | D:13     | XOM: cleaving
 12991 | D:13     | Reached skill level 15 in Ranged Weapons
 13090 | D:13     | XOM: fake destruction
 13184 | D:13     | Noticed a two-headed ogre
 13195 | D:13     | Killed a two-headed ogre
 13258 | D:13     | Reached XP level 13. HP: 127/127 MP: 10/10
 13429 | D:13     | XOM: scenery: 1 doors close
 13530 | D:14     | You fall into a shaft and drop 1 floor!
 13530 | D:15     | Entered Level 15 of the Dungeon
 13583 | D:15     | XOM: 2-stop teleportation journey
 13598 | D:15     | XOM: summons friendly ufetubus
 13603 | D:15     | XOM: smoke on damage
 13631 | D:15     | XOM: god gift: javelin
 13658 | D:15     | XOM: summons 7 hostile demons
 13754 | D:15     | XOM: 6-stop teleportation journey
 13756 | D:15     | XOM: summons friendly quasit
 13806 | D:15     | XOM: divination: magic mapping
 13809 | D:15     | XOM: confuse monster(s)
 13871 | D:15     | Found a transporter.
 13871 | D:15     | Identified the +2 pair of gloves of the Eternal Fruit
                  | {Int+5}
 13884 | D:15     | Noticed knightboat's ghost (journeyman HOFi)
 13925 | D:15     | XOM: enchant monster (bad)
 13942 | D:15     | XOM: blink monster(s)
 13949 | D:15     | XOM: confusion
 13962 | D:15     | XOM: confusion
 14058 | D:15     | Found a transporter.
 14062 | D:15     | Found a staircase to the Depths.
 14062 | D:15     | Noticed a red very ugly thing
 14062 | D:15     | XOM: 2-stop teleportation journey
 14191 | D:15     | Identified the +1 flail "Beast's Curse" {holy, Int+6}
 14220 | D:15     | a centaur warrior changed into a minotaur
 14220 | D:15     | Noticed a minotaur
 14220 | D:15     | XOM: polymorph centaur warrior -> minotaur
 14223 | D:15     | XOM: 2-stop teleportation journey
 14257 | D:15     | Reached skill level 10 in Long Blades
 14317 | D:15     | Killed a minotaur
 14320 | D:15     | XOM: summons 5 friendly demons
 14409 | D:15     | XOM: cast spell 'Summon Cactus Giant'
 14418 | D:15     | XOM: polymorph red very ugly thing -> green very ugly thing
 14425 | D:15     | Killed a green very ugly thing
 14426 | D:15     | Reached skill level 16 in Ranged Weapons
 14587 | D:15     | XOM: divine lightning
 14600 | D:15     | XOM: cast spell 'Cause Fear'
 14606 | D:15     | XOM: summons friendly shadow imp
 14848 | D:14     | XOM: destruction
 14856 | D:14     | XOM: summons friendly white imp
 14860 | D:14     | XOM: polymorph deep elf pyromancer -> brain worm
 14882 | D:14     | XOM: polymorph brain worm -> raiju
 14977 | D:14     | XOM: smoke on damage
 14993 | D:14     | XOM: summons 4 friendly demons
 14999 | D:14     | XOM: confuse monster(s)
 15024 | D:14     | Noticed an ironbound preserver
 15032 | D:14     | XOM: smoke on damage
 15034 | D:14     | Reached XP level 14. HP: 51/139 MP: 11/11
 15034 | D:14     | XOM: divination: magic mapping
 15037 | D:14     | XOM: summons friendly white imp
 15050 | D:14     | XOM: enchant monster (good)
 15059 | D:14     | XOM: blink monster(s)
 15068 | D:14     | XOM: confuse monster(s)
 15071 | D:14     | Killed an ironbound preserver
 15209 | D:14     | XOM: potion effect (might)
 15227 | D:14     | Found a gate to the Vaults.
 15288 | D:14     | Found Xiton's Armour Boutique.
 15325 | D:14     | XOM: 8-stop teleportation journey
 15612 | D:14     | Found a sparkling altar of Nemelex Xobeh.
 15814 | Lair:1   | Entered Level 1 of the Lair of Beasts
 15856 | Lair:1   | XOM: divination: detect creatures
 16221 | Lair:1   | Found a dark tunnel.
 16228 | Volcano  | Entered a volcano
 16273 | Volcano  | XOM: god gift: phantom mirror
 16616 | Volcano  | Found a bloodstained altar of Trog.
 16669 | Volcano  | Reached skill level 17 in Ranged Weapons
 16905 | Lair:1   | XOM: confusion (+ monsters)
 17142 | Lair:1   | XOM: divination: detect items
 17665 | Lair:2   | XOM: god gift: arbalest {god gift}
 17676 | Lair:2   | XOM: 4-stop teleportation journey
 17694 | Lair:2   | XOM: god gift: orb of guile
 17702 | Lair:2   | XOM: potion effect (heal wounds)
 17707 | Lair:2   | XOM: enchant monster (good)
 17720 | Lair:2   | XOM: scenery: 2 doors open
 17884 | Lair:2   | XOM: 4-stop teleportation journey
 17996 | Lair:2   | Found a staircase to the Swamp.
 18000 | Lair:2   | XOM: 1-stop teleportation journey
 18066 | Lair:2   | XOM: god gift: spear {god gift}
 18149 | Lair:2   | Identified the +0 leather armour of the Game of Life {rF++
                  | Int-2}
 18400 | Lair:2   | XOM: noise
 18575 | Lair:3   | Found a staircase to the Snake Pit.
 18589 | Lair:3   | XOM: confusion (+ monsters)
 18673 | Lair:3   | XOM: smoke on damage
 18855 | Lair:3   | XOM: cloud trail
 19547 | Lair:4   | XOM: scenery: summon butterflies
 19570 | Lair:4   | XOM: confusion
 19577 | Lair:4   | XOM: confusion (+ monsters)
 19579 | Lair:4   | XOM: destruction
 19622 | Lair:4   | Reached skill level 15 in Armour
 19756 | Lair:4   | XOM: summons 8 hostile demons
 19760 | Lair:4   | XOM: scenery: summon butterflies
 19781 | Lair:4   | XOM: divination: magic mapping
 19797 | Lair:4   | XOM: draining
 19798 | Lair:4   | XOM: 1-stop teleportation journey
 19875 | Lair:4   | XOM: noise
 19900 | Lair:4   | XOM: cast spell 'Cause Fear'
 19967 | Lair:4   | XOM: silly message
 20038 | Lair:4   | XOM: confuse monster(s)
 20049 | Lair:4   | XOM: confuse monster(s)
 20051 | Lair:4   | XOM: cast spell 'Olgreb's Toxic Radiance'
 20053 | Lair:4   | XOM: potion effect (curing)
 20057 | Lair:4   | XOM: noise
 20059 | Lair:4   | XOM: cast spell 'Dispersal'
 20069 | Lair:4   | XOM: enchant monster (good)
 20550 | Lair:4   | XOM: cast spell 'Animate Armour'
 20567 | Lair:4   | XOM: silly message
 20572 | Lair:4   | Reached XP level 15. HP: 145/150 MP: 12/12
 20665 | Lair:5   | Entered Level 5 of the Lair of Beasts
 20692 | Lair:5   | Found a staircase to the Slime Pits.
 20696 | Lair:5   | XOM: noise
 20707 | Lair:5   | XOM: cast spell 'Discord'
 20714 | Lair:5   | Reached skill level 18 in Ranged Weapons
 20715 | Lair:5   | XOM: scenery: summon butterflies
 20720 | Lair:5   | XOM: confuse monster(s)
 20767 | Lair:5   | XOM: snakes to sticks
 21001 | Lair:5   | XOM: enchant monster (good)
 21039 | Lair:5   | XOM: summons friendly quasit
 21129 | Lair:5   | XOM: potion effect (brilliance)
 21156 | Lair:5   | XOM: scenery: create altars
 21156 | Lair:5   | Paralysed by a hornet for 2 turns
 21158 | Lair:5   | XOM: scenery: create altars
 21182 | Lair:5   | XOM: polymorph hornet -> culicivora
 21187 | Lair:5   | XOM: 1-stop teleportation journey
 21526 | Lair:5   | XOM: noise
 21608 | Lair:5   | XOM: 1-stop teleportation journey
 21813 | Lair:5   | XOM: summons friendly iron imp
 21868 | Lair:5   | XOM: swap monsters
 22201 | Lair:5   | XOM: noise
 22211 | Lair:5   | XOM: polymorph lindwurm -> glowing shapeshifter
 22217 | Lair:5   | a tyrant leech changed into a storm dragon
 22217 | Lair:5   | Noticed a storm dragon
 22217 | Lair:5   | XOM: polymorph tyrant leech -> storm dragon
 22230 | Lair:5   | a storm dragon changed into an iron troll
 22230 | Lair:5   | XOM: polymorph storm dragon -> iron troll
 22236 | Lair:5   | XOM: blink monster(s)
 22246 | Lair:5   | XOM: summons 3 hostile shadow creatures
 22477 | Lair:5   | XOM: noise
 22753 | Orc:1    | Entered Level 1 of the Orcish Mines
 22764 | Orc:1    | XOM: summons 1 hostile demon
 22781 | Orc:1    | XOM: divination: magic mapping
 23030 | Orc:2    | Entered Level 2 of the Orcish Mines
 23030 | Orc:2    | Found a staircase to the Elven Halls.
 23148 | Orc:2    | XOM: cleaving
 23194 | Orc:2    | XOM: give mutations
 23194 | Orc:2    | Gained mutation: You possess an exceptional clarity of
                  | mind. [Xom's grace]
 23194 | Orc:2    | Lost mutation: You have hoof-like feet. [Xom's grace]
 23194 | Orc:2    | Lost mutation: You have large cloven feet. [Xom's grace]
 23194 | Orc:2    | Gained mutation: You have sharp toenails. [Xom's grace]
 23194 | Orc:2    | Gained mutation: You are very agile. (Dex +8, Str/Int -2)
                  | [Xom's grace]
 23224 | Orc:2    | XOM: scenery: create altars
 23265 | Orc:2    | XOM is BORED!
 23265 | Orc:2    | XOM: 5-stop teleportation journey
 23294 | Orc:2    | XOM: fog
 23295 | Orc:2    | XOM: confuse monster(s)
 23376 | Orc:2    | Noticed Josephine
 23378 | Orc:2    | XOM: potion effect (might)
 23391 | Orc:2    | Killed Josephine
 23400 | Orc:2    | Reached skill level 19 in Ranged Weapons
 23481 | Orc:2    | Found Fatov's General Store.
 23493 | Orc:2    | Bought a lightning rod (4/4) for 480 gold pieces
 23493 | Orc:2    | Bought a sack of spiders for 480 gold pieces
 23575 | Orc:2    | XOM: 1-stop teleportation journey
 23611 | Orc:2    | XOM: blink monster(s)
 23612 | Orc:2    | XOM: confuse monster(s)
 23643 | Orc:2    | XOM: potion effect (haste)
 23648 | Orc:2    | Reached skill level 1 in Evocations
 23692 | Orc:2    | XOM: scenery: 1 doors open
 23739 | Orc:2    | XOM: silly message
 23751 | Orc:2    | XOM: divination: detect creatures
 23774 | Orc:2    | Reached XP level 16. HP: 93/161 MP: 13/13
 23847 | Orc:2    | XOM: confuse monster(s)
 23848 | Orc:2    | XOM: enchant monster (bad)
 23921 | Orc:2    | XOM: noise
 23952 | Orc:2    | Found Wutz's Antique Weapon Shop.
 23954 | Orc:2    | Found Zetaif's Antique Armour Boutique.
 24160 | Orc:2    | Found Rayddoc's Jewellery Shoppe.
 24165 | Orc:2    | XOM: enchant monster (good)
 24327 | Orc:2    | XOM: scenery: create altars
 24336 | Elf:1    | Entered Level 1 of the Elven Halls
 24337 | Elf:1    | XOM: enchant monster (good)
 24424 | Elf:1    | Found Ufuci Tont's Antique Armour Shoppe.
 24449 | Elf:1    | Reached skill level 15 in Fighting
 24709 | Elf:1    | Found Demoaps's Weapon Emporium.
 24713 | Elf:1    | XOM: confuse monster(s)
 24728 | Elf:1    | XOM: blink monster(s)
 24746 | Elf:1    | XOM: give mutations
 24746 | Elf:1    | Gained mutation: You occasionally lose the ability to read
                  | scrolls when taking damage. [Xom's mischief]
 24746 | Elf:1    | Lost mutation: You have sharp toenails. [Xom's mischief]
 24746 | Elf:1    | Gained mutation: You passively dampen the noise of your
                  | surroundings. [Xom's mischief]
 24750 | Elf:1    | Found Mithakhle's Antique Armour Emporium.
 24750 | Elf:1    | Found Xeckeir's Antique Armour Shoppe.
 24761 | Elf:1    | XOM: give mutations
 24761 | Elf:1    | Lost mutation: You are very agile. (Dex +8, Str/Int -2)
                  | [Xom's mischief]
 24761 | Elf:1    | Lost mutation: You passively dampen the noise of your
                  | surroundings. [Xom's mischief]
 24761 | Elf:1    | Gained mutation: You are very robust. (+20% HP) [Xom's
                  | mischief]
 24832 | Elf:1    | Found Wiuqiav's Armour Shoppe.
 24889 | Elf:1    | XOM: give mutations
 24889 | Elf:1    | Lost mutation: You are agile. (Dex +4, Str/Int -1) [Xom's
                  | mischief]
 24889 | Elf:1    | Lost mutation: Your mind is acute. (Int +4, Str/Dex -1)
                  | [Xom's mischief]
 25032 | Elf:1    | XOM: polymorph deep elf high priest -> something unseen
 25039 | Elf:1    | XOM: chaos upgrade
 25043 | Elf:1    | XOM: polymorph something unseen -> fire dragon
 25068 | Elf:1    | XOM: silly message
 25084 | Elf:1    | XOM: swap monsters
 25089 | Elf:1    | XOM: noise
 25092 | Elf:1    | XOM: enchant monster (bad)
 25097 | Elf:1    | XOM: swap monsters
 25420 | Elf:1    | Identified the +4 flail "Roroimp" {heavy, rF+}
 25609 | Elf:1    | XOM: chaos upgrade
 25782 | Elf:2    | XOM: stealth player
 25801 | Elf:2    | XOM: 1-stop teleportation journey
 25802 | Elf:2    | Noticed a deep elf blademaster
 25863 | Elf:2    | XOM: divine lightning
 25867 | Elf:2    | XOM: summons 3 friendly demons
 26256 | Elf:2    | XOM: enchant monster (bad)
 26271 | Elf:2    | XOM: silly message
 26384 | Elf:2    | Reached skill level 5 in Evocations
 26547 | Elf:2    | XOM: scenery: 1 doors open, 1 doors close
 26682 | Elf:2    | XOM: noise
 26691 | Elf:2    | XOM: silly message
 26700 | Elf:2    | XOM: polymorph deep elf archer -> satyr
 26702 | Elf:2    | XOM: 1-stop teleportation journey
 26790 | Elf:2    | XOM: noise
 26799 | Elf:2    | XOM: swap monsters
 26807 | Elf:2    | XOM: chaos cloud
 26814 | Elf:2    | Paralysed by you for 1 turns
 26815 | Elf:2    | XOM: polymorph satyr -> boulder beetle
 26816 | Elf:2    | XOM: polymorph boulder beetle -> alligator
 26824 | Elf:2    | Found a runed translucent gate.
 26824 | Elf:2    | Found a runed translucent gate.
 26825 | Elf:2    | Found a runed translucent gate.
 26826 | Elf:2    | XOM: blink monster(s)
 26840 | Elf:2    | Reached skill level 20 in Ranged Weapons
 26873 | Elf:2    | XOM: 1-stop teleportation journey
 26894 | Elf:2    | XOM: cast spell 'Summon Hydra'
 26899 | Elf:2    | XOM: 2-stop teleportation journey
 26906 | Elf:2    | XOM: polymorph deep elf pyromancer -> ettin
 26934 | Elf:2    | XOM: noise
 26938 | Elf:2    | XOM: silly message
 26941 | Elf:2    | XOM: cast spell 'Dispersal'
 26945 | Elf:2    | XOM: divination: magic mapping
 26965 | Elf:2    | XOM: noise
 26966 | Elf:2    | XOM: summons 2 friendly demons
 26986 | Elf:2    | XOM: polymorph deep elf zephyrmancer -> glowing
                  | shapeshifter
 27015 | Elf:2    | Reached XP level 17. HP: 22/187 MP: 14/14
 27018 | Elf:2    | HP: 8/187 [+2 long sword of holy wrath (11)]
 27025 | Elf:2    | HP: 9/187 [poisoned by a +1 short sword of venom]
 27450 | Elf:2    | XOM: chaos upgrade
 27518 | Elf:2    | XOM: enchant monster (bad)
 27535 | Elf:2    | XOM: summons friendly quasit
 27543 | Elf:2    | Killed a deep elf blademaster
 27548 | Elf:2    | XOM: summons 9 hostile demons
 27651 | Elf:2    | XOM: 2-stop teleportation journey
 27856 | Elf:3    | Entered Level 3 of the Elven Halls
 28037 | Elf:3    | XOM: fog
 28102 | Elf:3    | XOM: give mutations
 28102 | Elf:3    | Gained mutation: You have large cloven feet. [Xom's grace]
 28102 | Elf:3    | Gained mutation: You expend magic power (3 MP) to
                  | strengthen your wands. [Xom's grace]
 28102 | Elf:3    | Gained mutation: Your mind is acute. (Int +4, Str/Dex -1)
                  | [Xom's grace]
 28102 | Elf:3    | Gained mutation: Your system is resistant to poisons.
                  | (rPois) [Xom's grace]
 28220 | Elf:3    | XOM: scenery: 1 doors open, 2 doors close
 28489 | Elf:3    | Noticed a deep elf master archer
 28490 | Elf:3    | Noticed a deep elf master archer
 28492 | Elf:3    | Noticed a deep elf blademaster
 28578 | Elf:3    | XOM: confuse monster(s)
 28582 | Elf:3    | XOM: fog
 28592 | Elf:3    | Killed a deep elf master archer
 28593 | Elf:3    | XOM: enchant monster (good)
 28730 | Elf:3    | XOM: silly message
 28762 | Elf:3    | XOM: enchant monster (bad)
 28769 | Elf:3    | Killed a deep elf blademaster
 28870 | Elf:3    | Killed a deep elf master archer
 28900 | Elf:3    | Paralysed by an air elemental for 1 turns
 28935 | Elf:3    | Noticed a deep elf master archer
 28938 | Elf:3    | XOM: summons 3 hostile shadow creatures
 28949 | Elf:3    | Noticed a deep elf master archer
 28962 | Elf:3    | Noticed a deep elf blademaster
 28966 | Elf:3    | XOM: enchant monster (bad)
 28968 | Elf:3    | XOM: cast spell 'Fugue of the Fallen'
 28970 | Elf:3    | Noticed a deep elf blademaster
 28971 | Elf:3    | Killed a deep elf master archer
 28976 | Elf:3    | XOM: smoke on damage
 28980 | Elf:3    | Identified the +10 glaive of Sarph {elec, rPois Str-2 Int+6
                  | Stlth+}
 28980 | Elf:3    | Identified the amulet "Qaisoh" {Acrobat Will+ Regen+ Str+3}
 28982 | Elf:3    | Killed a deep elf blademaster
 28986 | Elf:3    | Killed a ghostly deep elf blademaster
 28987 | Elf:3    | XOM: summons 2 hostile shadow creatures
 28990 | Elf:3    | HP: 4/189 [deep elf high priest/divine providence (13)]
 28998 | Elf:3    | Identified the +5 chain mail of the Seven Ziggurats {rN+
                  | Dex+2 SInv}
 28998 | Elf:3    | Noticed a deep elf blademaster
 29000 | Elf:3    | Slain by a +7 flail of protection

Illustrated notes

Levels and vault maps discovered:
D:1:      lightli_arrival_boilingwater, layout_loops_corners,
          nicolae_eternal_life, minmay_fountain_box, minivault_26
D:2:      layout_loops_corners, serial_forest, infiniplex_forest_lined_corner,
          infiniplex_forest_fountain, infiniplex_forest_clump_medium,
          infiniplex_forest_clump_C, infiniplex_forest_straight_1,
          infiniplex_forest_straight_2, serial_shops,
          nicolae_shop_real_fake_doors, hellmonk_ecumenical_altar_arch_garden,
          serial_bayou_crossing
D:3:      layout_loops_ring, cheibrodos_sewer_entry_drain,
          roderic_serpentine_path, serial_bayou_pond_c, minmay_misc_feat_room,
          nicolae_figureground_sparkle, uniq_robin
D:4:      layout_gridville
D:5:      layout_basic, serial_shops, nicolae_shop_hallway_stairs,
          ebering_ghost_sewer_d
D:6:      layout_cave_pools, kiku_gazebo_garden_becter, uniq_menkaure
D:7:      layout_cave_pools, minmay_temple_entry_drinking_statues,
          minmay_misc_feat_four_crosses, uniq_joseph
D:8:      layout_basic, mainiacjoe_overflow_divided_tiny,
          minmay_stone_trees_small, uniq_psyche, uniq_jeremiah
D:9:      layout_loops_ring, david_orc_2, uniq_maurice, uniq_erica, uniq_grum,
          uniq_amaemon
D:10:     layout_loops_corners, minmay_lair_entry_grove, trove_entry_hex_spiral,
          enter_bailey_3
D:11:     gammafunk_boulding_lane, layout_basic, uniq_nergalle
D:12:     layout_stronghold, serial_shops, bzr_entry_safe, serial_park_tiny_1,
          st_stairs_7, chequers_serial_rivers_micro_c
D:13:     layout_irregular_city
D:14:     layout_roguey, skrybe_vaults_entry_preservation,
          nemelex_lonely_heart_becter, serial_shops,
          nicolae_shop_rolling_square, nicolae_twisty_statue_hallways
D:15:     gammafunk_enter_depths_forms, layout_long_grid,
          gammafunk_ghost_mausoleum, hangedman_abyss_or_decor_jellyfish_corner
Lair:1:   layout_layer_cave, nicolae_volcano_entry_hallway, serial_bayou,
          serial_bayou_lake_a, serial_bayou_pond_a, serial_bayou_lagoon_b,
          dreamdust_gnoll_shepherd
Lair:2:   layout_roguey, minmay_swamp_entry_worms
Lair:3:   statuecave_lemuel, layout_regular_city, dummy_snake_entry
Lair:4:   layout_small_grid
Lair:5:   hangedman_lair_tendril_chambers, layout_long_grid, wormcave,
          slime_entry_1
Orc:1:    layout_caves, nicolae_orc_lava_tube
Orc:2:    grunt_orc_community_town_hall, layout_caves,
          grunt_orc_community_big_house_1, grunt_orc_community_big_house_1,
          grunt_orc_community_house_2, grunt_orc_community_house_3,
          grunt_orc_community_house_2, grunt_orc_community_house_3,
          grunt_orc_community_house_2, nicolae_orc_crystal_seam,
          lightli_church_of_beogh, uniq_josephine
Elf:1:    minmay_elf_arrival_circle, layout_onion_city, serial_shops, shop,
          minmay_shoptagon
Elf:2:    nicolae_elf_blades_splatter_lattice [nooodl_blade_entry_preview],
          layout_geoelf_octagon
Elf:3:    minmay_elf_hall, layout_geoelf_castle

Skill      XL: |  1  2  3  4  5  6  7  8  9 10 11 12 13 14 15 16 17 |
---------------+----------------------------------------------------+-----
Armour         | 1 2 3 4 6 7 8 9 11 13 15 17 18 | 18.3
Fighting       | 3 4 5 6 8 9 10 11 12 13 14 15 16 | 16.0
Ranged Weapons | 5 6 7 9 10 12 13 15 16 17 19 20 | 20.6
Dodging        | 3 4 6 7 8 9 10 11 12 13 14 | 14.4
Long Blades    | 3 5 7 9 10 12 13 14 | 14.0
Evocations     | 1 5 7 |  7.2
Stealth        | |  0.7

Action                     |  1- 3 |  4- 6 |  7- 9 | 10-12 | 13-15 | 16-18 || total
---------------------------+-------+-------+-------+-------+-------+-------++-------
  Melee: Short sword       |       |    15 |   215 |   777 |  2058 |  1176 ||  4241
         Headbutt          |       |     2 |    51 |   244 |   721 |   386 ||  1404
         Kick              |       |       |    45 |       |       |       ||    45
         Punch             |       |       |     3 |    23 |    41 |    23 ||    90
   Fire: Shortbow          |   115 |   265 |       |       |    25 |       ||   405
         Arbalest          |       |       |       |       |     3 |       ||     3
  Evoke: Wand              |       |       |       |     1 |       |       ||     1
         Lightning rod     |       |       |       |       |     4 |     4 ||     8
         Sack of spiders   |       |       |       |       |       |     2 ||     2
         Phantom mirror    |       |       |       |       |       |     1 ||     1
    Use: Potion            |       |       |     2 |       |     2 |    18 ||    22
         Scroll            |       |       |       |    12 |    12 |     6 ||    30
   Stab: Confused          |       |       |     4 |     8 |    24 |     9 ||    45
         Sleeping          |       |       |     5 |    14 |    13 |     3 ||    35
         Distracted        |       |       |       |     2 |    15 |     4 ||    21
         Petrifying        |       |       |       |     1 |       |       ||     1
         Paralysed         |       |       |       |     4 |       |       ||     4
 Armour: Leather armour    |    23 |       |       |       |       |       ||    23
         Robe              |       |    60 |   113 |   172 |   142 |       ||   487
         Ring mail         |       |       |       |       |   253 |   390 ||   643
         Skin              |       |       |       |       |       |     2 ||     2
  Dodge: Dodged            |    27 |    87 |   195 |   479 |  1281 |   624 ||  2693
         Repelled          |       |     1 |     2 |     1 |       |       ||     4
  Block: Other             |       |       |       |    19 |   210 |   120 ||   349
         Reflection        |       |       |       |     2 |     3 |     9 ||    14
